Cogmind - Beta 14 @@@ ROGUE MODE // 2024.09.05 @ 18:50:50 Player: rice Result: Self-destructed Performance ------------- Evolutions (1) 500 Regions Visited (2) 400 Robots Destroyed (15) 75 Value Destroyed (350) 350 Prototype IDs (0) 0 Alien Tech Used (0) 0 Bonus (0) 0 TOTAL SCORE: 1325 Bonus ------- None Cogmind --------- Core Integrity 311/400 Matter 350/350 Energy 265/265 System Corruption 0% Temperature Warm (126) Movement Walking (120) Location -9/Materials Parts ------- > --- POWER (1) -------- Improved Ion Engine > --- PROPULSION (3) --- Aluminum Leg Aluminum Leg Improved Aluminum Leg > --- UTILITY (3) ------ Small Storage Unit Small Matter Pod Field Recycling Unit > --- WEAPON (2) ------- Medium Laser > --- INVENTORY (8) ---- Ion Engine Ion Engine Light Ion Engine Light Ion Engine Light Ion Engine Medium Laser Grenade Launcher Peak State ------------ > --- POWER ------------ Improved Ion Engine > --- PROPULSION ------- Aluminum Leg Aluminum Leg Improved Aluminum Leg > --- UTILITY ---------- Small Storage Unit Small Matter Pod Field Recycling Unit > --- WEAPON ----------- Medium Laser > --- INVENTORY -------- Ion Engine Ion Engine Light Ion Engine Light Ion Engine Light Ion Engine Medium Laser Grenade Launcher [Rating: 11] Favorites ----------- Power Light Ion Engine Engine Light Ion Engine Propulsion Aluminum Leg Leg Aluminum Leg Utility Small Storage Unit Device Field Recycling Unit Storage Small Storage Unit Weapon Medium Laser Energy Gun Medium Laser Build | -11 -10 -9 ------- Run | Yrd Mat Mat Slots Evolved 2 | . . 2 Power . | . . . Propulsion 1 | . . 1 Utility 1 | . . 1 Weapon . | . . . Parts Attached 21 | 6 11 4 Power 6 | 1 4 1 Engine 6 | 1 4 1 Core . | . . . Reactor . | . . . Propulsion 6 | 2 2 2 Treads . | . . . Leg 6 | 2 2 2 Wheel . | . . . Hover . | . . . Flight . | . . . Utility 4 | 1 2 1 Device 2 | . 1 1 Storage 2 | 1 1 . Processor . | . . . Hackware . | . . . Protection . | . . . Artifact . | . . . Weapon 5 | 2 3 . Energy Gun 5 | 2 3 . Energy Cannon . | . . . Ballistic Gun . | . . . Ballistic Cannon . | . . . Launcher . | . . . Special Weapon . | . . . Impact Weapon . | . . . Slashing Weapon . | . . . Piercing Weapon . | . . . Special Melee Weapon . | . . . Unidentified Prototypes . | . . . Parts Lost 3 | . 2 1 Power . | . . . Propulsion 1 | . 1 . Utility 1 | . 1 . Weapon 1 | . . 1 Highest Loss Streak 1 | . 1 1 To Critical Strikes . | . . . Average Slot Usage (%) 87 | . 90 77 Engine 13 | . 13 11 Leg 23 | . 24 19 Device 3 | . 1 8 Storage 21 | . 21 22 Energy Gun 24 | . 27 17 Peak Build Rating 11 | 6 8 11 Average Rating 7 | 4 6 9 On Entrance 4 | . 6 7 Naked Turns . | . . . Heaviest Build 23 | 14 14 23 Greatest Support 33 | 20 20 33 Greatest Overweight (x) 2 | . 1 2 Average Overweight (x) . | . . . Largest Inventory Capacity 8 | 8 8 8 Average Capacity 7 | 6 8 8 Most Carried 7 | 1 6 7 Average Carried 4 | . 4 6 Final Capacity 8 | 8 8 8 Final Carried 7 | 1 6 7 Class Distribution -------------------- 90% | Mutant 9% | Scavenger-Mutant Dominant Class ---------------- Mutant | -10/Materials Mutant | -9/Materials Resources | -11 -10 -9 ----------- Run | Yrd Mat Mat Matter Collected 453 | 175 238 40 Remotely . | . . . Salvage Created 434 | . 299 135 Parts 26 | . 17 9 Haulers Intercepted . | . . . Recyclers Shooed . | . . . Parts Field Recycled . | . . . Retrieved Matter . | . . . Parts Self-Destructed . | . . . Prevented . | . . . Kills | -11 -10 -9 ------- Run | Yrd Mat Mat Combat Hostiles Destroyed 14 | . 10 4 Guns 13 | . 9 4 Classes Destroyed 4 | . 3 1 Watcher 1 | . 1 . Swarmer 7 | . 6 1 Grunt 6 | . 4 2 Duelist 1 | . . 1 Best Kill Streak 3 | . 3 2 Combat Bots Only 3 | . 3 2 Max Kills in Single Turn 1 | . 1 1 Gunslinging . | . . . Exploded . | . . . Melee . | . . . Uniques/NPCs Destroyed . | . . . Combat | -11 -10 -9 -------- Run | Yrd Mat Mat Hostile Shots Fired 112 | . 55 57 Missed 32 | . 12 20 Damage Taken 828 | . 455 373 Core 184 | . 95 89 Absorbed by Shields . | . . . Core Remaining (%) 81 | 100 62 . Volleys Fired 42 | . 26 16 Largest 2 | . 2 2 Hottest 115 | . 115 115 Shots Fired 75 | . 52 23 Gun 75 | . 52 23 Cannon . | . . . Launcher . | . . . Special . | . . . Kinetic . | . . . Thermal 75 | . 52 23 Explosive . | . . . Electromagnetic . | . . . Robot Hit Streak 10 | . 9 10 Robot Miss Streak 4 | . 4 1 Penetration Max . | . . . Secondary Targets 2 | . . 2 Max Gunslinging Chain 1 | . . 1 Shots Hit Robots 51 | . 33 18 Core Hits 22 | . 15 7 Critical Kills . | . . . Critical Parts Destroyed . | . . . Critical Strikes 7 | . 6 1 Burn 7 | . 6 1 Melee Attacks . | . . . Impact . | . . . Slashing . | . . . Piercing . | . . . Sneak Attacks . | . . . Combat Hostiles . | . . . Follow-up Attacks . | . . . Damage Inflicted 666 | . 424 242 Guns 666 | . 424 242 Cannons . | . . . Explosions . | . . . Melee . | . . . Ramming . | . . . Kinetic . | . . . Thermal 666 | . 424 242 Explosive . | . . . Electromagnetic . | . . . Impact . | . . . Slashing . | . . . Piercing . | . . . Highest Corruption . | . . . Average Corruption . | . . . Corruption Purged . | . . . Corruption Blocked . | . . . Overload Shots . | . . . Overflow Damage . | . . . Projectiles . | . . . Explosions . | . . . Melee . | . . . Knockbacks . | . . . Impact . | . . . Kinetic . | . . . Secondary . | . . . Self-Inflicted Damage . | . . . Shots . | . . . Rammed . | . . . Targets Rammed . | . . . Kicked . | . . . Crushed . | . . . Highest Temperature 276 | . 270 276 Average Temperature 99 | . 87 120 Received Heat Transfer 219 | . 159 60 Effects 1 | . . 1 Energy Bleed 1 | . . 1 Siege Activations . | . . . Robots Corrupted . | . . . Combat Hostiles . | . . . Parts Fried . | . . . Impact Corruptions . | . . . Robots Melted 1 | . 1 . Combat Hostiles 1 | . 1 . Parts Melted 4 | . 4 . Heat Transferred 2405 | . 1665 740 Parts Sabotaged . | . . . Parts Stolen . | . . . Parts Stripped . | . . . Power Chain Reactions . | . . . Alert | -11 -10 -9 ------- Run | Yrd Mat Mat Peak Influence 264 | . 264 158 Initial 78 | . . 78 Average 90 | . 94 112 Maximum Alert Level 1 | . 1 . Low Security (%) 96 | 100 94 100 Level 1 3 | . 5 . Level 2 . | . . . Level 3 . | . . . Level 4 . | . . . Level 5 . | . . . High Security . | . . . Max Security . | . . . Squads Dispatched 1 | . 1 . Investigation 1 | . 1 . Extermination . | . . . Reinforcement . | . . . Assault . | . . . Garrison . | . . . Intercept . | . . . Searches Triggered . | . . . Construction Impeded . | . . . Haulers Reinforced . | . . . Active Scanning Responses . | . . . Cargo Convoy Interrupts . | . . . Stealth | -11 -10 -9 --------- Run | Yrd Mat Mat Distress Signals 1 | . 1 . Communications Jammed . | . . . Distress Signals . | . . . Times Spotted 29 | . 20 9 Peak Tracking Total 6 | . 4 6 Tactical Retreats 3 | . 3 . Traps | -11 -10 -9 ------- Run | Yrd Mat Mat Traps Triggered 2 | . 2 . Indirectly . | . . . Trap Hack Attempts . | . . . Triggered . | . . . Disarmed . | . . . Reprogrammed . | . . . Reused . | . . . Traps Extracted . | . . . Installed . | . . . Triggered . | . . . Machines | -11 -10 -9 ---------- Run | Yrd Mat Mat Machines Disabled . | . . . Max in Single Turn . | . . . Machines Repaired . | . . . Machines Dismantled . | . . . Machines Sabotaged . | . . . Overloaded Fab Kills . | . . . Hacking | -11 -10 -9 --------- Run | Yrd Mat Mat Machines Accessed . | . . . Terminals . | . . . Fabricators . | . . . Repair Stations . | . . . Recycling Units . | . . . Scanalyzers . | . . . Garrison Access . | . . . Total Hacks . | . . . Successful . | . . . Failed . | . . . Catastrophic . | . . . Database Lockouts . | . . . Manual . | . . . Terminals . | . . . Fabricators . | . . . Repair Stations . | . . . Recycling Units . | . . . Scanalyzers . | . . . Garrison Access . | . . . Terminal Hacks . | . . . Fabricator Hacks . | . . . Repair Station Hacks . | . . . Recycling Unit Hacks . | . . . Scanalyzer . | . . . Garrison Access Hacks . | . . . Unauthorized Hacks . | . . . Terminals . | . . . Fabricators . | . . . Repair Stations . | . . . Recycling Units . | . . . Scanalyzers . | . . . Garrison Access . | . . . Data Cores Recovered . | . . . Used . | . . . Hacking Detections . | . . . Full Trace Events . | . . . Feedback Events . | . . . Feedback Blocked . | . . . Robot Schematics Acquired . | . . . Robots Built . | . . . Authchips . | . . . Time . | . . . Total Robot Build Rating . | . . . Part Schematics Acquired . | . . . Parts Built . | . . . Authchips . | . . . Time . | . . . Total Part Build Rating . | . . . Parts Repaired . | . . . Time . | . . . Parts Recycled . | . . . Recycled Matter . | . . . Retrieved Matter . | . . . Retrieved Components . | . . . Parts Scanalyzed . | . . . Part Schematics Acquired . | . . . Parts Damaged . | . . . Bothacking | -11 -10 -9 ------------ Run | Yrd Mat Mat Used RIF Installer . | . . . Robots Hacked . | . . . Non-combat . | . . . Combat . | . . . Robot Hacks Applied . | . . . Relay Couplers Released . | . . . Fabnet Peak Effective % . | . . . Robots Rewired . | . . . Allies Hacked . | . . . Hacks Repelled . | . . . Allies | -11 -10 -9 -------- Run | Yrd Mat Mat Total Allies . | . . . Largest Group . | . . . Highest-Rated Group . | . . . Highest-Rated Ally . | . . . Total Orders . | . . . Ally Attacks . | . . . Total Damage . | . . . Kills . | . . . Allies Corrupted . | . . . Allies Melted . | . . . Intel | -11 -10 -9 ------- Run | Yrd Mat Mat Robot Analysis Total . | . . . Derelict Logs Recovered . | . . . Drone Launches . | . . . Drone Recoveries . | . . . Exploration | -11 -10 -9 ------------- Run | Yrd Mat Mat Turns Passed 924 | 84 621 219 Spaces Moved 533 | 68 364 101 Core 10 | 10 . . Treads . | . . . Legs 523 | 58 364 101 Wheels . | . . . Hover . | . . . Flight . | . . . Fastest Speed 50 | 50 120 120 Average Speed 135 | 109 132 162 Slowest Speed 260 | 120 190 260 Overloaded Moves . | . . . Propulsion Burnouts . | . . . Robots Hopped . | . . . Cave-ins Triggered . | . . . Exploration Rate (%) 25 | 5 58 13 Regions Visited 2 Branch Regions . Pre-discovered Areas . | . . . Known Exits Taken . | . . . Unknown Exits Taken 2 | 1 1 . Scrap Searched . | . . . Spaces Dug . | . . . Terrain Destroyed . | . . . Melee . | . . . Projectile . | . . . AOE . | . . . Terrain Rammed . | . . . Walls Destroyed . | . . . Machines Disabled . | . . . Actions | -11 -10 -9 --------- Run | Yrd Mat Mat Total 650 | 74 446 130 Wait 47 | . 38 9 Move 531 | 67 363 101 Hop . | . . . Pick Up 5 | 1 4 . Fast Attach 14 | 6 5 3 Attach . | . . . Detach . | . . . Swap 7 | . 6 1 Drop 4 | . 4 . Fire 42 | . 26 16 Melee . | . . . Ram . | . . . Kick . | . . . Crush . | . . . Escape Stasis . | . . . Rewire . | . . . Trap . | . . . Miscellaneous . | . . . Route ------- -11/Scrapyard -10/Materials (discovered 2 exits: [*Mat] / [*Min]) -9/Materials History --------- Turn | Location | Event 2 | -11/Scrapyard | Met Revision 17 5 | -11/Scrapyard | Discovered new exit (range 15) 85 | -11/Scrapyard | Entered Materials 284 | -10/Materials | Discovered new exit (range 6) 311 | -10/Materials | Build established: Mutant 537 | -10/Materials | Discovered new exit (range 12) 706 | -10/Materials | Entered another Materials area 706 | -9/Materials | Evolved 2 slots: Propulsion x1, Utility x1 925 | -9/Materials | Self-destructed Last Messages --------------- 00785_ G-34 Mercenary suffers critical hit (Burn). 00785_ G-34 Mercenary destroyed. 00785_ Switching to secondary target: G-34 Mercenary. 00799_ L-31 Rogue destroyed. 00799_ Switching to secondary target: G-34 Mercenary. 00800_ Acquired 10 matter. 00803_ Overheating: Energy bleed (-17). 00823_ Particle Gun destroyed. 00824_ G-34 Mercenary destroyed. 00835_ Acquired 10 matter. 00835_ R-06 Scavenger collects Heat Sink. 00843_ Acquired Imp. Aluminum Leg. 00845_ Acquired 10 matter. 00849_ Acquired Aluminum Leg. 00850_ Acquired 10 matter. 00894_ K-01 Serf collects debris. 00923_ S-10 Pest destroyed. Map ----- +----------------------------------------------------+ | ?????????????????????????????????????? | | ?????????????????????????????????????? | | ?????????????????????????????????????? | | ?????????????????????????####+## ???? | | ?????????????????????????# ??? | | ?????????????????????????# #?? | | ?????????????????????????# #?? | | ?????????????????????????T #?? | | ???????????????##+???????# ??? | | ??????????????# ???????# ???? | | ??????????????# ???????# ????? | | ??????????????# #??????# ?????? | | ??????????????# +??????# #?????? | | ??????????????# #??????+ #?????? | | ??????????????# #??????# #?????? | | ???????#???#### ######## #?????? | | ???????# ?? ##????? | | ???????# ?? T#????? | | ???????? ? """ ##????? | | ????#####+###### """"" #?????? | | ????# ## """"" #?????? | | ????# "T"s## """"" #?????? | | ????# ss ## """ ###### | | ????# # | | ????# ! [+% | | ????# @# """ | | ????# ## """"" %############ | | ????# ## """"" #??????????? | | ????############ """"" #??????????? | | ???????????????# """ #??????????? | | ???############# #??????????? | | ???# #??????????? | | ???# +??????????? | | ???# #??????????? | | ???# ! % #??????????? | | ???# ################+#####????????? | | ???# #???????????# % #????????? | | ???# #???????????# """#????????? | | ???#####???????????# """#????????? | | ???????????????????# """#????????? | | ???????????????????# #????????? | | ???????????????????# """#????????? | | ???????????????????# """#????????? | | ???????????????????# """#????????? | | ???????????????????# #????????? | | ???????????????????##########????????? | | ?????????????????????????????????????? | | ?????????????????????????????????????? | | ?????????????????????????????????????? | | | +----------------------------------------------------+ Best States ------------- Heat Dissipation 35 Energy Generation 12 Energy Capacity 265 Matter Stores 350 Matter Capacity 350 Sight Range 16 Terrain Scan Density 10 Evasion (%) 55 Item Schematics ----------------- None Robot Schematics ------------------ None Fabricated ------------ Nothing Alien Tech Used ----------------- None Achievements -------------- None Challenges ------------ None Game ------ Seed SpacefoldMassNullifier Manual? 0 Play Time 00:10:16 Cumulative 10.9 hours Start 2024.09.05 @ 18:42:03 End 2024.09.05 @ 18:50:50 Sessions 1 Manual Loads 0 Difficulty Rogue Special Mode None Game No. 29 Rogue 29 Adventurer 0 Explorer 0 Win Type - Total 0 Types 0/0/0/0/0/0/0/0/0 Lore% 3 Gallery% 18 Achievement% 14 Wizard Run 0 Options --------- Layout 1 ASCII 0 Keyboard 0 Movement Numpad Keybinds 0 Fullscreen 1 Font 24/Smallcaps Map View 50x35 Zoom Use 0% Tactical HUD 1 Map Filters NONE Filters NONE Steam 1 RUN: dfc9c484-429d-45ea-af6d-8ae894318d89